[Event "Titled Tuesday Blitz July 25 Late 2023"]
[White "Wieczorek, Oskar"]
[Black "Sjugirov, Sanan"]
[WhiteFideId "1133950"]
[BlackFideId "4189302"]
[WhiteElo "2673"]
[BlackElo "2932"]
[Result "0-1"]
[Round "4"]
[TimeControl "180+2"]
[Date "2023.07.25"]
[WhiteClock "0:00:00"]
[BlackClock "0:01:20"]
[Board "19"]

1. e4 c5 2. Nf3 d6 3. d4 cxd4 4. Nxd4 Nf6 5. Nc3 a6 6. Be2 e5 7. Nf3 Be7 8. Bg5 Nbd7 9. a4 b6 10. Nd2 Bb7 11. Nc4 h6 12. Bh4 g5 13. Bg3 Nc5 14. f3 Ne6 15. Bf2 Nc5 16. b4 Ncd7 17. Nxd6+ Bxd6 18. Qxd6 Rc8 19. Qd2 Qc7 20. Ra3 O-O 21. h4 Nh7 22. hxg5 hxg5 23. Be3 f6 24. Nd5 Bxd5 25. Qxd5+ Kg7 26. Rc3 Qxc3+ 27. Kf2 Qc6 28. c4 Qxd5 29. exd5 a5 30. Bd3 Rh8 31. Bf5 Nhf8 32. Rxh8 Kxh8 33. bxa5 bxa5 34. c5 Rxc5 0-1


[Site "https://www.chess.com"]

[Event "Titled Tuesday Blitz July 25 Late 2023"]
[White "Maksimovic, Bojan"]
[Black "Slovineanu, Viacheslav"]
[WhiteFideId "14408120"]
[BlackFideId "13900510"]
[WhiteElo "2898"]
[BlackElo "2395"]
[Result "1-0"]
[Round "4"]
[TimeControl "180+2"]
[Date "2023.07.25"]
[WhiteClock "0:00:27"]
[BlackClock "0:00:00"]
[Board "20"]

1. Nf3 d5 2. g3 Nd7 3. d4 Ngf6 4. Bg2 e6 5. O-O b5 6. Bf4 c5 7. c3 a5 8. Nbd2 Bb7 9. a4 b4 10. cxb4 cxb4 11. Nb3 Be7 12. Rc1 Rc8 13. Rxc8 Bxc8 14. Qc2 Ba6 15. Bc7 Qc8 16. Rc1 O-O 17. Nxa5 Qa8 18. Nc6 Re8 19. Nxe7+ Rxe7 20. Bd6 Re8 21. Bxb4 Rc8 22. Bc3 Ne4 23. Bf1 Nxc3 24. bxc3 Bc4 25. Nd2 Nb6 26. Ra1 Qa5 27. Qb2 g6 28. Qb4 Ra8 29. Nxc4 dxc4 30. Rb1 Nxa4 31. Qxa5 Rxa5 32. Ra1 Ra8 33. e3 Nb6 34. Rxa8+ Nxa8 35. Bxc4 Nb6 36. Bb3 Kf8 37. Kf1 Ke7 38. Ke2 f6 39. Kd3 e5 40. c4 Nd7 41. c5 Nb8 42. Ba4 Na6 43. Kc4 exd4 44. exd4 Ke6 45. d5+ Ke5 46. d6 Ke6 47. Bb5 Nb8 48. Kd4 f5 49. f4 1-0


[Site "https://www.chess.com"]

[Event "Titled Tuesday Blitz July 25 Late 2023"]
[White "Danielyan, Vahe"]
[Black "Carlsen, Magnus"]
[WhiteFideId "13304828"]
[BlackFideId "1503014"]
[WhiteElo "2644"]
[BlackElo "3254"]
[Result "0-1"]
[Round "4"]
[TimeControl "180+2"]
[Date "2023.07.25"]
[WhiteClock "0:00:26"]
[BlackClock "0:01:31"]
[Board "21"]

1. e4 a5 2. d4 h5 3. Nc3 e6 4. Nf3 Bb4 5. Bd3 d6 6. a3 Bxc3+ 7. bxc3 b6 8. Bg5 f6 9. Bd2 e5 10. Nh4 Ne7 11. h3 g5 12. Nf3 h4 13. Nh2 Be6 14. Ng4 Nd7 15. Qf3 Ng6 16. d5 Bxg4 17. Qxg4 Nc5 18. Bb5+ Kf7 19. g3 Qc8 20. Qxc8 Raxc8 21. Bd3 g4 22. gxh4 Rxh4 23. Ke2 Rch8 24. Rag1 Rxh3 25. Rxh3 gxh3 26. Kf3 h2 27. Rh1 Rh3+ 28. Kg2 Nxd3 29. cxd3 Rxd3 30. Be3 f5 31. exf5 Nh4+ 32. Kxh2 Nxf5 33. Kg2 Nxe3+ 34. fxe3 Rxc3 35. Kf3 Ke7 36. a4 Rc4 37. Rh7+ Kd8 38. e4 Rxa4 39. Kg4 0-1


[Site "https://www.chess.com"]

[Event "Titled Tuesday Blitz July 25 Late 2023"]
[White "Naroditsky, Daniel"]
[Black "Hansen, Eric"]
[WhiteFideId "2026961"]
[BlackFideId "2606771"]
[WhiteElo "3144"]
[BlackElo "2834"]
[Result "1-0"]
[Round "4"]
[TimeControl "180+2"]
[Date "2023.07.25"]
[WhiteClock "0:00:06"]
[BlackClock "0:00:00"]
[Board "22"]

1. e4 c6 2. d4 d5 3. exd5 cxd5 4. Nf3 Nf6 5. Ne5 Nc6 6. c3 g6 7. Bb5 Bd7 8. Nxd7 Nxd7 9. O-O Bg7 10. Re1 O-O 11. Nd2 a6 12. Bd3 e5 13. dxe5 Ndxe5 14. Bf1 Re8 15. Nb3 Qf6 16. Be3 Nc4 17. Qxd5 Nxe3 18. fxe3 Rad8 19. Qf3 Qe7 20. Nd4 Ne5 21. Qf4 h5 22. h3 Kh7 23. Rad1 Bh6 24. Qf2 Rd6 25. Bd3 Rf6 26. Qe2 Kg7 27. Bc2 Qc7 28. Bb3 Re7 29. Bd5 Nd7 30. e4 Qg3 31. Qd3 Qf2+ 32. Kh1 Ne5 33. Qc2 Qg3 34. Ne2 Qh4 35. Ng1 Ng4 36. Nf3 Rxf3 37. gxf3 Qxh3+ 38. Kg1 Qxf3 39. Qg2 Be3+ 40. Kh1 Nf2+ 41. Kh2 Qxg2+ 42. Kxg2 Nxd1 43. Rxd1 Bf4 44. Kf3 Be5 45. c4 Bb8 46. c5 a5 47. a3 Be5 48. b4 axb4 49. axb4 Rc7 50. Rc1 Kh6 51. b5 Bd4 52. c6 bxc6 53. Rxc6 Re7 54. b6 Be5 55. Rc8 Kg7 56. b7 Kf6 57. b8=Q Bxb8 58. Rxb8 Kg5 59. Rf8 f6 60. Rg8 Ra7 61. Bc6 Rh7 62. Be8 Rh6 63. Bf7 h4 64. Kg2 h3+ 65. Kh2 Kh5 66. Kxh3 Kg5+ 67. Kg3 Kh5 68. Kf4 Kh4 69. Rxg6 Rxg6 70. Bxg6 1-0


[Site "https://www.chess.com"]

[Event "Titled Tuesday Blitz July 25 Late 2023"]
[White "Sarana, Alexey"]
[Black "Troff, Kayden"]
[WhiteFideId "24133795"]
[BlackFideId "2047896"]
[WhiteElo "3040"]
[BlackElo "2804"]
[Result "1/2-1/2"]
[Round "4"]
[TimeControl "180+2"]
[Date "2023.07.25"]
[WhiteClock "0:00:04"]
[BlackClock "0:00:13"]
[Board "23"]

1. d4 Nf6 2. c4 g6 3. Nc3 d5 4. Bf4 Bg7 5. e3 O-O 6. Rc1 c5 7. dxc5 Qa5 8. cxd5 Rd8 9. Bc4 Be6 10. Qa4 Qxa4 11. Nxa4 Nxd5 12. Ne2 Nxf4 13. Nxf4 Bxc4 14. Rxc4 b5 15. cxb6 axb6 16. Nc3 Bxc3+ 17. bxc3 g5 18. Nh3 Rxa2 19. O-O h6 20. Rb4 Rd6 21. f4 Rdd2 22. Nf2 Nd7 23. Rd4 Nc5 24. Rxd2 Rxd2 25. Rb1 Rc2 26. Ng4 h5 27. Nh6+ Kg7 28. fxg5 e6 29. Rf1 f5 30. gxf6+ Kg6 31. f7 Nd7 32. Ng8 Nf8 33. Ne7+ Kg7 34. Nc8 Rxc3 35. Nxb6 Rxe3 36. Nc4 Re4 37. Nd6 Rd4 38. Ne8+ Kh7 39. g3 Ra4 40. Kg2 Ra5 41. Nd6 Rd5 42. Ne8 Rf5 43. Rxf5 exf5 44. Nd6 Kg6 45. Kf3 Kf6 46. Kf4 Ng6+ 47. Ke3 Ke6 48. Nc4 Kxf7 49. Kd4 Kf6 50. Ne3 f4 51. gxf4 Nxf4 52. Ke4 Ne6 53. Nd5+ Kg6 54. Ke5 Ng7 55. h4 Kf7 56. Nf4 Ke7 57. Nd5+ Kf7 58. Nf6 Kg6 59. Nd7 Kf7 60. Ke4 Ke6 61. Nc5+ Kf6 62. Kf4 Nf5 63. Ne4+ Kg6 64. Ng3 Nxh4 65. Nxh5 1/2-1/2


[Site "https://www.chess.com"]

[Event "Titled Tuesday Blitz July 25 Late 2023"]
[White "Mekhitarian, Krikor Sevag"]
[Black "Bortnyk, Olexandr"]
[WhiteFideId "2107660"]
[BlackFideId "14120828"]
[WhiteElo "2772"]
[BlackElo "3010"]
[Result "0-1"]
[Round "4"]
[TimeControl "180+2"]
[Date "2023.07.25"]
[WhiteClock "0:00:11"]
[BlackClock "0:02:29"]
[Board "24"]

1. Nf3 Nf6 2. c4 b6 3. Nc3 Bb7 4. d4 g6 5. Qc2 Bg7 6. e4 O-O 7. Be2 Na6 8. O-O Ne8 9. Be3 c5 10. d5 d6 11. a3 Nac7 12. Rab1 e5 13. Ne1 f5 14. f3 f4 15. Bf2 g5 16. b4 Bc8 17. bxc5 bxc5 18. Kh1 h5 19. Qa4 Bd7 20. Qa5 Rf6 21. Nb5 Ne6 22. Qxd8 Nxd8 23. h3 Rg6 24. Nc3 g4 25. hxg4 hxg4 26. fxg4 Nf6 27. Bf3 Nxg4 28. Kg1 Nxf2 29. Kxf2 Bf6 30. Ke2 Kg7 31. Rh1 a6 32. Nd3 Ra7 33. Rb8 Nf7 34. Nf2 Bd8 35. Bh5 Rh6 36. Bxf7 Rxh1 37. Nxh1 Bc7 38. Rg8+ Kxf7 39. Rh8 Kg7 40. Rh4 Bd8 41. Rh2 Rb7 42. Nf2 Rb2+ 43. Kf3 Rb3 0-1


[Site "https://www.chess.com"]

[Event "Titled Tuesday Blitz July 25 Late 2023"]
[White "Bernabeu Lopez, Carlos Javier"]
[Black "Kramnik, Vladimir"]
[WhiteFideId "2235366"]
[BlackFideId "4101588"]
[WhiteElo "2663"]
[BlackElo "2998"]
[Result "0-1"]
[Round "4"]
[TimeControl "180+2"]
[Date "2023.07.25"]
[WhiteClock "0:01:48"]
[BlackClock "0:01:07"]
[Board "25"]

1. e4 c5 2. Nf3 e6 3. g3 Nc6 4. Bg2 Nf6 5. Nc3 Be7 6. O-O d6 7. d4 cxd4 8. Nxd4 O-O 9. Nxc6 bxc6 10. Na4 Ba6 11. Re1 d5 12. exd5 cxd5 13. b3 Rc8 14. Be3 Bb5 15. Bxa7 Bxa4 16. bxa4 Bb4 17. Rf1 Qa5 18. Bd4 Bc3 19. Bxf6 Bxf6 20. c3 Rxc3 21. Rb1 Ra3 22. Rb7 Rxa2 23. h4 Qxa4 24. Qxa4 Rxa4 25. Rc1 Ra1 26. Rxa1 Bxa1 27. g4 Rc8 28. Kf1 Kf8 29. Bf3 h6 30. Be2 Bf6 31. h5 Bg5 32. Kg2 Rc2 33. Kf1 Bf4 34. Ra7 Bc7 35. Ra8+ Ke7 36. Ra7 Kf6 37. Bd3 Rxf2+ 38. Kxf2 Bb6+ 39. Kf3 Bxa7 40. Bb5 Bb8 41. Bc6 Ke5 42. Be8 f6 43. Bf7 Bc7 44. Ke3 Bb6+ 45. Kd3 Bf2 46. Bg8 Kd6 47. Bf7 e5 48. Ke2 Bb6 49. Bg6 e4 0-1


[Site "https://www.chess.com"]

[Event "Titled Tuesday Blitz July 25 Late 2023"]
[White "demon64fields"]
[Black "Cnejev, Vladimir-Alexandru"]
[BlackFideId "1260898"]
[WhiteElo "2901"]
[BlackElo "2553"]
[Result "1-0"]
[Round "4"]
[TimeControl "180+2"]
[Date "2023.07.25"]
[WhiteClock "0:01:36"]
[BlackClock "0:00:00"]
[Board "26"]

1. Nf3 Nf6 2. g3 g6 3. Bg2 Bg7 4. O-O O-O 5. c4 c5 6. Nc3 Nc6 7. d3 d6 8. a3 a6 9. Rb1 Rb8 10. b4 cxb4 11. axb4 b5 12. c5 dxc5 13. bxc5 Nd7 14. Ne4 f5 15. Neg5 Nxc5 16. Be3 Nd4 17. Rc1 Nce6 18. Bxd4 Nxd4 19. Nxd4 Bxd4 20. Qb3+ Kg7 21. Rxc8 Qxc8 22. Ne6+ Kh6 23. Nxd4 e5 24. Nc6 Rb6 25. Nxe5 Re8 26. d4 a5 27. Qe3+ Kg7 28. d5 Qc7 29. f4 b4 30. Qd4 Rf6 31. g4 Kg8 32. Nc6 Rd6 33. Qc4 fxg4 34. e4 Qb6+ 35. Kh1 Qe3 36. e5 Rd7 37. d6+ Kh8 38. Nxa5 g3 39. h3 Ra7 40. Nc6 Rg7 41. Nxb4 h5 42. Nd5 Qd2 43. Nf6 Rd8 44. Qd5 Qb2 45. Qf3 Qd2 46. Qxg3 Qc2 47. Qh4 Qf5 48. Nxh5 1-0


[Site "https://www.chess.com"]

[Event "Titled Tuesday Blitz July 25 Late 2023"]
[White "Rasulov, Vugar"]
[Black "To, Nhat Minh"]
[WhiteFideId "13402390"]
[BlackFideId "729019"]
[WhiteElo "2872"]
[BlackElo "2543"]
[Result "1-0"]
[Round "4"]
[TimeControl "180+2"]
[Date "2023.07.25"]
[WhiteClock "0:00:26"]
[BlackClock "0:00:08"]
[Board "27"]

1. d4 Nf6 2. Bg5 d5 3. Nd2 c5 4. e3 cxd4 5. exd4 Qb6 6. Nb3 Nc6 7. c3 a5 8. a4 Bf5 9. Nf3 e6 10. Bb5 Ne4 11. Bf4 Nd6 12. Qe2 Be7 13. O-O O-O 14. Nc5 Rfd8 15. Bxc6 Qxc6 16. Ne5 Qc8 17. g4 Bg6 18. Nxg6 hxg6 19. f3 b6 20. Nd3 b5 21. Ne5 Qb7 22. axb5 Qxb5 23. Qxb5 Nxb5 24. Nc6 Rd7 25. Ra4 Bd6 26. Bxd6 Nxd6 27. Rfa1 Nc4 28. b3 Nd2 29. b4 Nxf3+ 30. Kg2 Ng5 31. Rxa5 Ne4 32. Rxa8+ 1-0


[Site "https://www.chess.com"]

[Event "Titled Tuesday Blitz July 25 Late 2023"]
[White "Zhigalko, Sergei"]
[Black "ChessSG1"]
[WhiteFideId "13502956"]
[WhiteElo "2871"]
[BlackElo "2392"]
[Result "1-0"]
[Round "4"]
[TimeControl "180+2"]
[Date "2023.07.25"]
[WhiteClock "0:00:42"]
[BlackClock "0:00:19"]
[Board "28"]

1. e4 c5 2. Nf3 e6 3. c3 Nf6 4. e5 Nd5 5. Bc4 d6 6. d4 cxd4 7. cxd4 Be7 8. O-O O-O 9. Bd2 b6 10. Qe2 Bb7 11. Nc3 dxe5 12. dxe5 Nxc3 13. Bxc3 Nd7 14. Rfe1 Qc7 15. Nd4 Rac8 16. Bd3 Rfd8 17. Nb5 Qb8 18. Rad1 Qa8 19. Qg4 Nf8 20. Nd6 Bxd6 21. exd6 Ng6 22. Qd4 e5 23. Rxe5 Bxg2 24. Re8+ Rxe8 25. Qxg7# 1-0


[Site "https://www.chess.com"]

[Event "Titled Tuesday Blitz July 25 Late 2023"]
[White "Caruana, Fabiano"]
[Black "Cesar Maestre, Bernardo"]
[WhiteFideId "2020009"]
[BlackFideId "24542547"]
[WhiteElo "3125"]
[BlackElo "2526"]
[Result "0-1"]
[Round "4"]
[TimeControl "180+2"]
[Date "2023.07.25"]
[WhiteClock "0:00:05"]
[BlackClock "0:00:12"]
[Board "29"]

1. d4 d5 2. Nf3 Nf6 3. g3 c5 4. h4 cxd4 5. Bg2 e6 6. O-O Bc5 7. Nxd4 O-O 8. Nb3 Bb6 9. Bf4 Nc6 10. N1d2 h6 11. Nf3 Nh5 12. Bd2 Nxg3 13. Re1 Ne4 14. e3 e5 15. Bc3 Nxc3 16. bxc3 Bg4 17. Qd2 e4 18. Nh2 Be6 19. f4 Qxh4 20. Qf2 Qxf2+ 21. Kxf2 Rac8 22. c4 dxc4 23. Nd2 f5 24. Nhf1 Rfd8 25. Red1 Nb4 26. a3 Nxc2 27. Ra2 c3 28. Rxc2 cxd2 29. Rcxd2 Rxd2+ 30. Rxd2 Rc3 31. a4 Ra3 32. Bh3 Rxa4 33. Ng3 g6 34. Ne2 Ra2 35. Rd6 Bc4 36. Bf1 Kf7 37. Rd7+ Ke6 38. Rxb7 g5 39. fxg5 hxg5 40. Ke1 Ra1+ 41. Kf2 Ra2 42. Ke1 Ba5+ 43. Kf2 f4 44. Rxa7 Bxe2 45. exf4 Bb6+ 46. Kg3 Bxa7 0-1


[Site "https://www.chess.com"]

[Event "Titled Tuesday Blitz July 25 Late 2023"]
[White "Firouzja, Alireza"]
[Black "Ozates, Tuna"]
[WhiteFideId "12573981"]
[BlackFideId "6354521"]
[WhiteElo "3100"]
[BlackElo "2570"]
[Result "1-0"]
[Round "4"]
[TimeControl "180+2"]
[Date "2023.07.25"]
[WhiteClock "0:00:40"]
[BlackClock "0:00:03"]
[Board "30"]

1. e4 c5 2. Nf3 Nc6 3. Bb5 g6 4. O-O Bg7 5. Bxc6 bxc6 6. Re1 Nh6 7. c3 O-O 8. d4 cxd4 9. cxd4 d5 10. e5 f6 11. exf6 exf6 12. Nbd2 g5 13. Nb3 g4 14. Nfd2 f5 15. Qc2 Bd7 16. Nc5 f4 17. Ndb3 Bf5 18. Qc3 f3 19. Bxh6 Bxh6 20. g3 Qg5 21. Ne6 Qh5 22. h4 gxh3 23. Kh2 Rf6 24. Qxc6 Re8 25. Nbc5 Qg6 26. Qxd5 Bxe6 27. Rxe6 Rfxe6 28. Re1 Kf7 29. Nxe6 1-0


[Site "https://www.chess.com"]

[Event "Titled Tuesday Blitz July 25 Late 2023"]
[White "Nihal Sarin"]
[Black "Rostomyan, Mikayel"]
[WhiteFideId "25092340"]
[BlackFideId "13313754"]
[WhiteElo "3072"]
[BlackElo "2567"]
[Result "1-0"]
[Round "4"]
[TimeControl "180+2"]
[Date "2023.07.25"]
[WhiteClock "0:02:28"]
[BlackClock "0:00:35"]
[Board "31"]

1. c4 e5 2. Nc3 Nf6 3. Nf3 Nc6 4. d3 Bb4 5. Bd2 O-O 6. g3 d5 7. cxd5 Nxd5 8. Bg2 Be6 9. O-O a5 10. Ng5 Bxc3 11. Nxe6 fxe6 12. bxc3 Qd6 13. Rb1 b6 14. Qa4 Nde7 15. Bc1 Nd5 16. Ba3 Ncb4 17. Qb3 a4 18. Qb2 c5 19. cxb4 cxb4 20. Bxb4 1-0


[Site "https://www.chess.com"]

[Event "Titled Tuesday Blitz July 25 Late 2023"]
[White "Tabatabaei, M. Amin"]
[Black "Horobetz, Graham"]
[WhiteFideId "12521213"]
[BlackFideId "2047322"]
[WhiteElo "3024"]
[BlackElo "2561"]
[Result "1-0"]
[Round "4"]
[TimeControl "180+2"]
[Date "2023.07.25"]
[WhiteClock "0:02:47"]
[BlackClock "0:00:00"]
[Board "32"]

1. h4 e5 2. h5 h6 3. d4 exd4 4. Qxd4 Nc6 5. Qa4 d5 6. c3 Bc5 7. Nf3 Nf6 8. Bf4 Ne4 9. e3 Bd7 10. Qc2 O-O 11. Nbd2 Re8 12. Bd3 Nxd2 13. Qxd2 Qf6 14. O-O-O Bb6 15. Rdg1 Bg4 16. Nh2 Bf5 17. g4 Be4 18. g5 hxg5 19. Bxg5 Qe6 20. Bxe4 dxe4 21. Ng4 Qxa2 22. Nf6+ gxf6 23. Bxf6+ Kf8 24. h6 Red8 25. Bxd8 Rxd8 26. Qxd8+ Nxd8 27. h7 Qa1+ 28. Kc2 Qa4+ 29. Kb1 Ne6 30. h8=Q+ Ke7 31. Qh4+ Kd7 32. Rd1+ Kc6 33. Qe7 Qc4 34. Qd7+ Kc5 35. Rh5+ 1-0


[Site "https://www.chess.com"]

[Event "Titled Tuesday Blitz July 25 Late 2023"]
[White "Fonseca Manrique, Enrique"]
[Black "Paravyan, David"]
[WhiteFideId "5114330"]
[BlackFideId "4194985"]
[WhiteElo "2561"]
[BlackElo "3009"]
[Result "0-1"]
[Round "4"]
[TimeControl "180+2"]
[Date "2023.07.25"]
[WhiteClock "0:01:48"]
[BlackClock "0:02:09"]
[Board "33"]

1. e4 e5 2. Nf3 Nf6 3. Nxe5 d6 4. Nf3 Nxe4 5. Nc3 Nxc3 6. dxc3 Be7 7. Be3 O-O 8. Qd2 Nd7 9. Bd3 Nc5 10. O-O-O Nxd3+ 11. Qxd3 Qd7 12. Rhe1 Bd8 13. Bd4 Qf5 14. Qd2 Be6 15. Kb1 a5 16. Re4 Qxe4 0-1


[Site "https://www.chess.com"]

[Event "Titled Tuesday Blitz July 25 Late 2023"]
[White "Santos Latasa, Jaime"]
[Black "Feng, Eric"]
[WhiteFideId "2293307"]
[BlackFideId "30952590"]
[WhiteElo "2991"]
[BlackElo "2561"]
[Result "1-0"]
[Round "4"]
[TimeControl "180+2"]
[Date "2023.07.25"]
[WhiteClock "0:01:11"]
[BlackClock "0:00:04"]
[Board "34"]

1. Nf3 d5 2. e3 Nf6 3. c4 e6 4. b3 c6 5. Bb2 Nbd7 6. Nc3 Be7 7. d4 O-O 8. Bd3 b6 9. O-O Bb7 10. Qe2 Rc8 11. Rac1 c5 12. cxd5 Nxd5 13. Nxd5 Bxd5 14. e4 Bb7 15. d5 exd5 16. exd5 Bxd5 17. Rfd1 Bc6 18. Ne5 g6 19. Bb5 Bxb5 20. Qxb5 Rc7 21. Rxd7 Qe8 22. Qd3 Rxd7 23. Nxd7 Bg5 24. Rd1 Qe6 25. Nxf8 1-0


[Site "https://www.chess.com"]

[Event "Titled Tuesday Blitz July 25 Late 2023"]
[White "Graif, William"]
[Black "He, Anthony"]
[WhiteFideId "2609835"]
[BlackFideId "2088215"]
[WhiteElo "2559"]
[BlackElo "2975"]
[Result "0-1"]
[Round "4"]
[TimeControl "180+2"]
[Date "2023.07.25"]
[WhiteClock "0:00:00"]
[BlackClock "0:00:04"]
[Board "35"]

1. e4 e5 2. Nf3 Nc6 3. d4 exd4 4. c3 dxc3 5. Bc4 cxb2 6. Bxb2 Bb4+ 7. Nc3 Nf6 8. O-O O-O 9. Nd5 Be7 10. Nxe7+ Qxe7 11. e5 Ng4 12. h3 Ngxe5 13. Nxe5 Nxe5 14. Re1 Qb4 15. Bb3 d6 16. Qh5 Qf4 17. Bxe5 dxe5 18. Rxe5 Be6 19. Rae1 Bxb3 20. axb3 Rad8 21. Re7 g6 22. Qc5 Qd6 23. Qxc7 Qa3 24. Qxb7 a5 25. Qa7 Ra8 26. Qb7 Rab8 27. Qd5 Rbd8 28. Qb5 Rb8 29. Rb7 Rxb7 30. Qxb7 Rd8 31. Qb5 Qa2 32. Qc4 Rb8 33. Re7 Qa1+ 34. Kh2 Qf6 35. Ra7 Qxf2 36. Qc7 Re8 37. Rxa5 Qf6 38. Ra7 Kg7 39. b4 Re2 40. b5 Qf2 41. Qc3+ Kh6 42. Qg3 Qxa7 43. Qf4+ Kg7 44. Qd4+ Qxd4 0-1


[Site "https://www.chess.com"]

[Event "Titled Tuesday Blitz July 25 Late 2023"]
[White "Xiong, Jeffery"]
[Black "Richter, Paul"]
[WhiteFideId "2047640"]
[BlackFideId "2046350"]
[WhiteElo "2966"]
[BlackElo "2556"]
[Result "1-0"]
[Round "4"]
[TimeControl "180+2"]
[Date "2023.07.25"]
[WhiteClock "0:01:50"]
[BlackClock "0:00:10"]
[Board "36"]

1. e4 c5 2. Nf3 d6 3. Bb5+ Nc6 4. O-O Bd7 5. Re1 Nf6 6. h3 Ne5 7. Bf1 Nxf3+ 8. Qxf3 Bc6 9. c3 e6 10. d4 cxd4 11. cxd4 d5 12. e5 Ng8 13. Nc3 Ne7 14. Bd3 Ng6 15. g3 Qb6 16. Qe3 Bb4 17. Bd2 O-O 18. a3 Be7 19. h4 Rfc8 20. h5 Nf8 21. h6 g6 22. b4 Be8 23. Reb1 Rc7 24. b5 Rcc8 25. a4 Qd8 26. a5 b6 27. Ne2 Rc7 28. Kg2 Rcc8 29. Ng1 Rc7 30. Nf3 Rcc8 31. Qf4 Rab8 32. Nh2 bxa5 33. Bxa5 Qd7 34. Ng4 f5 35. exf6 Bd6 36. f7+ Bxf7 37. Nf6+ Kh8 38. Nxd7 Bxf4 39. Nxf8 1-0


[Site "https://www.chess.com"]

[Event "Titled Tuesday Blitz July 25 Late 2023"]
[White "Tari, Aryan"]
[Black "Dragomirescu, Robin-Alexandru"]
[WhiteFideId "1510045"]
[BlackFideId "1213849"]
[WhiteElo "2931"]
[BlackElo "2555"]
[Result "1-0"]
[Round "4"]
[TimeControl "180+2"]
[Date "2023.07.25"]
[WhiteClock "0:00:08"]
[BlackClock "0:00:04"]
[Board "37"]

1. e4 g6 2. d4 Nf6 3. e5 Nh5 4. Be2 d6 5. Bxh5 gxh5 6. Qxh5 dxe5 7. dxe5 Qd5 8. Nf3 Qe4+ 9. Be3 Qxc2 10. Nc3 Qg6 11. Qxg6 hxg6 12. h3 Bg7 13. O-O-O c6 14. g4 Be6 15. Ng5 Bxe5 16. Nxe6 fxe6 17. Ne4 Nd7 18. Ng5 Nf8 19. f4 Bf6 20. Ne4 Nd7 21. Kc2 Nb6 22. Nc5 Nd5 23. Bd2 b6 24. Nxe6 Kf7 25. Rde1 Rh4 26. g5 Bg7 27. Rhf1 Rxh3 28. f5 gxf5 29. Rxf5+ Kg6 30. Rxd5 cxd5 31. Nf4+ Kf5 32. Nxh3 e5 33. Nf2 e4 34. Rf1 Kg6 35. Ng4 d4 36. Nf6 Rc8+ 37. Kd1 e3 38. Nd5 Rc5 39. Nf4+ Kf5 40. Nd3+ Ke4 41. Nxc5+ bxc5 42. Bxe3 dxe3 43. Ke2 Bxb2 44. g6 1-0


[Site "https://www.chess.com"]

[Event "Titled Tuesday Blitz July 25 Late 2023"]
[White "Antonica, Dragos-Andrei"]
[Black "Ibarra Jerez, Jose Carlos"]
[WhiteFideId "1246372"]
[BlackFideId "2226332"]
[WhiteElo "2547"]
[BlackElo "2902"]
[Result "0-1"]
[Round "4"]
[TimeControl "180+2"]
[Date "2023.07.25"]
[WhiteClock "0:00:04"]
[BlackClock "0:00:04"]
[Board "38"]

1. b3 c5 2. Bb2 d6 3. Nf3 e5 4. e4 g5 5. h3 Bg7 6. Nc3 Nc6 7. Bc4 h6 8. d3 Nge7 9. Nd5 Ng6 10. h4 g4 11. h5 Nge7 12. Nh4 a6 13. a4 Be6 14. Nf5 Nxf5 15. exf5 Bxf5 16. Ne3 Bc8 17. Bd5 f5 18. f3 Qg5 19. Qe2 Nb4 20. Bc3 Qxe3 21. Qxe3 Nxc2+ 22. Kd2 Nxe3 23. Kxe3 Bf6 24. fxg4 Bg5+ 25. Ke2 f4 26. Kf3 Ke7 27. b4 cxb4 28. Bxb4 Be6 29. Ke4 Rac8 30. Rac1 Bxg4 31. Bxb7 Rxc1 32. Rxc1 Bxh5 33. Rc7+ Kf6 34. Bxd6 Bg6+ 35. Kd5 Rd8 36. Kc5 Re8 37. Bc6 Re6 38. Bd7 Bxd3 39. Bxe6 Kxe6 40. Rc6 Kf5 41. Bf8 e4 42. Bxh6 Be7+ 43. Kd4 Bf1 44. Bg7 Bxg2 45. Be5 f3 46. Rc2 Bh4 47. Bc7 f2 48. Rc1 f1=Q 49. Rxf1+ Bxf1 0-1


[Site "https://www.chess.com"]

[Event "Titled Tuesday Blitz July 25 Late 2023"]
[White "Attacker_2006"]
[Black "Grigoriants, Sergey"]
[BlackFideId "4130804"]
[WhiteElo "2546"]
[BlackElo "2881"]
[Result "1-0"]
[Round "4"]
[TimeControl "180+2"]
[Date "2023.07.25"]
[WhiteClock "0:00:04"]
[BlackClock "0:00:07"]
[Board "39"]

1. e4 c5 2. Nf3 Nc6 3. Bc4 e6 4. O-O a6 5. d4 cxd4 6. Nxd4 Qc7 7. Nxc6 bxc6 8. Re1 Ne7 9. e5 Ng6 10. Qe2 Be7 11. Nc3 O-O 12. g3 Rb8 13. h4 f6 14. exf6 Bxf6 15. h5 Ne5 16. Bf4 d6 17. Bb3 c5 18. Ne4 c4 19. Nxf6+ gxf6 20. Bxe5 cxb3 21. Bc3 bxc2 22. Qxc2 e5 23. Qe4 Bb7 24. Qg4+ Kh8 25. h6 Rg8 26. Qf5 Rg6 27. Rad1 Qc6 28. Kf1 Rxh6 29. Ke2 Kg7 30. Kd2 Qc8 31. Qd3 Qe6 32. Kc1 Rc8 33. Qxd6 Qxd6 34. Rxd6 Bc6 35. f4 e4 36. f5 Kf7 37. g4 Ke7 38. Re6+ Kf7 39. g5 Rh3 40. Rxf6+ Kg8 41. g6 hxg6 42. Rxg6+ Kf7 43. Rg7+ Kf8 44. Reg1 e3 45. Bb4+ Ke8 46. Re7+ Kd8 47. Rg8+ Be8+ 48. Kd1 Rh1+ 49. Ke2 Rc2+ 50. Kd3 Rd2+ 51. Bxd2 Kxe7 52. Bb4+ Kf7 53. Rf8+ Kg7 54. f6+ Kg6 55. Rxe8 Rd1+ 56. Kxe3 Rd5 57. Re6 Kf7 58. Rb6 Rb5 59. Rxb5 axb5 60. Kd4 Kxf6 61. Kc5 1-0


[Site "https://www.chess.com"]

[Event "Titled Tuesday Blitz July 25 Late 2023"]
[White "Erdogmus, Yagiz Kaan"]
[Black "Jaskolka, Tomasz"]
[WhiteFideId "44599790"]
[BlackFideId "1170791"]
[WhiteElo "2851"]
[BlackElo "2544"]
[Result "1-0"]
[Round "4"]
[TimeControl "180+2"]
[Date "2023.07.25"]
[WhiteClock "0:02:15"]
[BlackClock "0:00:45"]
[Board "40"]

1. c4 c6 2. Nc3 d6 3. d4 Nf6 4. Nf3 Nbd7 5. Bg5 Qc7 6. e3 e5 7. Bd3 Be7 8. Qc2 h6 9. Bh4 Nf8 10. O-O-O Bg4 11. dxe5 dxe5 12. Bf5 Ne6 13. Bxf6 Bxf5 14. Qxf5 Bxf6 15. Ne4 Qe7 16. Nd6+ Kf8 17. Nxe5 Bxe5 18. Qxe5 Rd8 19. Nf5 Qf6 20. Rxd8+ Qxd8 21. Rd1 Qc8 22. Qd6+ Kg8 23. Ne7+ 1-0


[Site "https://www.chess.com"]

[Event "Titled Tuesday Blitz July 25 Late 2023"]
[White "Bartel, Mateusz"]
[Black "Janaszak, Dawid"]
[WhiteFideId "1112635"]
[BlackFideId "1119206"]
[WhiteElo "2840"]
[BlackElo "2542"]
[Result "1-0"]
[Round "4"]
[TimeControl "180+2"]
[Date "2023.07.25"]
[WhiteClock "0:00:18"]
[BlackClock "0:00:02"]
[Board "41"]

1. e4 c5 2. Nf3 Nc6 3. Bc4 e6 4. O-O a6 5. Re1 b5 6. Bf1 Nge7 7. a4 Rb8 8. b3 d6 9. axb5 axb5 10. Na3 b4 11. Nc4 e5 12. Ne3 Ng6 13. Bc4 Be7 14. h3 O-O 15. Nd5 Kh8 16. d3 f5 17. Nxe7 Qxe7 18. Ng5 h6 19. Qh5 Qf6 20. exf5 Bxf5 21. Nf3 Nf4 22. Bxf4 exf4 23. Bd5 Ne5 24. Nxe5 dxe5 25. Ra7 Rbd8 26. Qf3 Rfe8 27. Rea1 Re7 28. R7a6 Qg5 29. Be4 Bxe4 30. Qxe4 Rf8 31. Rg6 Qf5 32. Ra8 Kh7 33. Rxf8 Qxg6 34. Rh8+ 1-0


[Site "https://www.chess.com"]

[Event "Titled Tuesday Blitz July 25 Late 2023"]
[White "Mordechai, Hanan"]
[Black "Fiorito, Joaquin"]
[WhiteFideId "2804166"]
[BlackFideId "180173"]
[WhiteElo "2541"]
[BlackElo "2797"]
[Result "1-0"]
[Round "4"]
[TimeControl "180+2"]
[Date "2023.07.25"]
[WhiteClock "0:00:32"]
[BlackClock "0:00:52"]
[Board "42"]

1. c4 Nf6 2. Nc3 e6 3. d4 Bb4 4. Bg5 h6 5. Bh4 d5 6. e3 g5 7. Bg3 Ne4 8. Qc2 h5 9. cxd5 exd5 10. f3 Nxg3 11. hxg3 Qe7 12. Kf2 h4 13. Nxd5 Qd6 14. Qe4+ Be6 15. Nf6+ Ke7 16. gxh4 Kxf6 17. hxg5+ Kg7 18. Rxh8 Kxh8 19. a3 Ba5 20. Bd3 Kg8 21. Ne2 Nc6 22. Rh1 Kf8 23. Rh8+ Ke7 24. Rxa8 Qh2 25. d5 Qh1 26. b4 Bb6 27. dxe6 fxe6 28. Nf4 Qh4+ 29. Ke2 Nd8 30. Ng6+ 1-0


[Site "https://www.chess.com"]